Map: Odyssey LE

Players

Dessa

  • Race: Zerg Zerg
  • League: Diamond
  • Spawn Location: 11:00

KOVI - Winner!

  • Race: Protoss Protoss
  • League: Diamond
  • Spawn Location: 5:00

VOD

Have the link to the VOD?

Description

Time

  • Played on: Jan. 15, 2018, 12:57 p.m.
  • Length: 10:07
Show
View Real Time Build Order
Export as new Build Order

Dessa Zerg 

Build Orders: Pool First 

Get SALT Encoding   

  12  0:00  Drone  
  13  0:10  Drone  
  14  0:16  Overlord  
  14  0:25  Drone, Extractor  
  15  0:34  Drone x2  
  17  0:43  Extractor  
  17  0:44  Drone  
  17  0:52  Spawning Pool  
  16  0:57  Drone  
  17  1:17  Drone  
  17  1:18  Drone  
  19  1:31  Hatchery  
  18  1:39  Zergling x2  
  19  1:43  Spine Crawler  
  18  1:49  Zergling x2  
  19  1:59  Queen  
  21  2:24  Zergling x2  
  21  2:25  Overlord  
  22  2:36  Metabolic Boost  
  22  2:42  Queen  
  22  3:02  Spine Crawler  
  22  3:03  Drone x2  
  22  3:04  Drone  
  24  3:08  Roach Warren  
  22  3:24  Queen  
  22  3:32  Drone x2  
  24  3:48  Roach x3  
  30  3:52  Overlord  
  30  4:11  Roach x3  
  36  4:18  Queen  
  38  4:34  Overlord  
  38  4:48  Overlord  
  31  5:15  Hatchery  
  28  5:21  Zergling x6  
  28  5:22  Zergling x6  
  34  5:43  Hatchery  
  33  5:51  Drone x4  
  37  6:00  Extractor  
  37  6:02  Drone  
  36  6:14  Drone x3  
  36  6:18  Drone  
  40  6:26  Spore Crawler  
  39  6:37  Queen  
  39  6:39  Drone  
  43  6:40  Drone x3  
  45  6:53  Drone x3  
  48  6:55  Lair  
  48  6:56  Drone x2  
  50  7:03  Queen  
  50  7:04  Drone x2  
  54  7:09  Drone  
  54  7:10  Drone  
  56  7:16  Spore Crawler  
  55  7:33  Drone x2  
  55  7:34  Extractor, Overlord  
  55  7:35  Extractor  
  52  8:05  Spore Crawler  
  51  8:07  Spore Crawler  
  48  8:16  Queen  
  48  8:17  Queen  
  48  8:18  Zergling x4  
  48  8:19  Zergling x10  
  54  8:27  Spore Crawler  
  51  8:37  Zergling x14  
  56  8:43  Spore Crawler  
  55  8:52  Queen  
  55  8:58  Queen  
  55  9:07  Queen  
  51  9:56  Spore Crawler  
  51  9:59  Spore Crawler  
Show
View Real Time Build Order
Export as new Build Order

KOVI Protoss - Winner!

Build Orders: Cannon Rush 

Get SALT Encoding   

  12  0:01  Probe  
  13  0:13  Probe  
  14  0:21  Pylon  
  14  0:25  Probe  
  15  0:39  Probe (Chrono Boost)  
  15  0:42  Forge  
  17  0:51  Probe (Chrono Boost)  
  17  0:56  Probe (Chrono Boost)  
  17  0:59  Pylon  
  18  1:09  Pylon  
  18  1:13  Probe (Chrono Boost)  
  19  1:20  Photon Cannon  
  19  1:23  Probe (Chrono Boost)  
  20  1:31  Pylon  
  20  1:35  Probe  
  21  1:47  Probe  
  21  1:50  Photon Cannon  
  22  1:59  Probe  
  22  2:00  Photon Cannon  
  23  2:08  Photon Cannon  
  23  2:11  Probe (Chrono Boost)  
  24  2:20  Photon Cannon  
  24  2:28  Probe, Gateway  
  25  2:40  Probe  
  26  2:45  Assimilator  
  26  2:50  Assimilator  
  26  2:52  Probe  
  26  2:53  Photon Cannon  
  27  3:07  Probe (Chrono Boost)  
  28  3:18  Cybernetics Core  
  28  3:19  Probe (Chrono Boost)  
  29  3:24  Pylon  
  29  3:25  Probe (Chrono Boost)  
  30  3:40  Pylon  
  30  3:47  Nexus  
  30  3:56  Photon Cannon  
  30  4:06  Stargate  
  30  4:08  Probe (Chrono Boost)  
  32  4:17  Probe (Chrono Boost)  
  32  4:22  Probe (Chrono Boost)  
  32  4:25  Stargate  
  33  4:33  Assimilator  
  33  4:34  Probe  
  34  4:46  Probe  
  34  4:49  Void Ray (Chrono Boost)  
  39  4:58  Probe  
  40  5:00  Pylon  
  40  5:03  Shield Battery  
  40  5:09  Photon Cannon  
  40  5:12  Probe (Chrono Boost)  
  41  5:20  Probe (Chrono Boost)  
  42  5:26  Assimilator  
  43  5:29  Void Ray (Chrono Boost)  
  43  5:30  Probe (Chrono Boost)  
  43  5:31  Probe (Chrono Boost)  
  43  5:35  Probe (Chrono Boost)  
  48  5:36  Phoenix  
  48  5:39  Probe  
  52  5:47  Photon Cannon  
  52  5:52  Photon Cannon  
  52  6:04  Probe  
  52  6:09  Void Ray (Chrono Boost)  
  61  6:16  Probe  
  62  6:19  Void Ray (Chrono Boost)  
  62  6:29  Stargate  
  62  6:32  Stargate  
  62  6:40  Pylon  
  62  6:42  Pylon  
  62  6:44  Pylon  
  62  6:58  Probe x2, Void Ray  
  62  6:59  Void Ray  
  72  7:05  Pylon  
  72  7:10  Probe  
  72  7:13  Void Ray  
  77  7:21  Nexus  
  77  7:24  Photon Cannon  
  77  8:05  Void Ray x3  
  81  8:06  Probe  
  82  8:18  Probe (Chrono Boost)  
  79  8:22  Void Ray  
  83  8:30  Probe (Chrono Boost)  
  80  8:36  Probe (Chrono Boost)  
  81  8:45  Probe  
  81  8:47  Void Ray  
  86  8:49  Void Ray x2  
  94  8:58  Probe (Chrono Boost)  
  95  9:05  Void Ray  
  95  9:07  Probe (Chrono Boost)  
  97  9:15  Probe (Chrono Boost)  
  97  9:16  Probe (Chrono Boost)  
  98  9:21  Probe x2 (Chrono Boost)  
  104  9:33  Probe  
Tags
 
Add a new tag
Caveats
  • Supply blocks, unpowered buildings, or Contaminate may cause inaccurate times.
  • Supply counts are checked every 10 seconds.